AoeStats
← Mob Psycho 100

African Clearing

510448941Analyzed
4v4 RM · 21h ago on Oct 1, 2026· 42m 57s· 8 players
Game mode
Random Map
Map size
Large (8 player)
Population
200
Speed
Normal
Resources
Standard
Victory
Conquest
Starting age
Dark Age
Ending age
Imperial Age
RankedLock teamsTeams togetherTeam positionsShared explorationLock speedFull tech treeHidden civsTurbo modeCheats
Victory
Defeat
🇨🇳 Cumans · China
1112
+13
🇺🇸 Aztecs · United States
1105
+13
🇧🇴 Malay · Bolivia
1046
+16
🇲🇽 Mongols · Mexico
1019
+17
🇦🇷 Franks · Argentina
1083
-16
🇦🇷 Vietnamese · Argentina
1055
-15
🇦🇷 Wei · Argentina
1038
-15
🇦🇷 Turks · Argentina
1007
-13
NeessQuiick
10:11 Loom
14:10 Feudal Age
19:52 Castle Age
18:42 Double-Bit Axe
Mob Psycho 100
15:07 Feudal Age
18:11 Castle Age
19:15 Double-Bit Axe
19:36 Loom
26:55 Horse Collar
34:21 Imperial Age
32:11 Heavy Plow
33:05 Fletching
33:58 Bodkin Arrow
33:40 Crossbowman
34:56 Arbalester
36:37 Wheelbarrow
36:25 Bracer
37:09 Padded Archer Armor
37:20 Thumb Ring
38:02 Hand Cart
37:33 Town Watch
37:59 Forging
38:17 Leather Archer Armor
38:45 Conscription
40:17 Chemistry
39:00 Treadmill Crane
39:46 Ballistics
40:31 Ring Archer Armor
43:17 Iron Casting
43:19 Town Patrol
rugiero569
2:42 Loom
12:10 Feudal Age
13:40 Wheelbarrow
14:17 Horse Collar
15:08 Double-Bit Axe
18:16 Forging
23:08 Castle Age
21:31 Gold Mining
22:54 Scale Mail Armor
23:12 Eagle Warrior
24:27 Chain Mail Armor
24:27 Squires
24:13 Arson
27:39 Heavy Plow
27:51 Bow Saw
27:56 Pikeman
29:29 Iron Casting
28:58 Town Watch
29:38 Redemption
32:15 Fervor
32:26 Sanctity
36:39 Imperial Age
34:50 Stone Mining
36:32 Stone Shaft Mining
36:49 Elite Eagle Warrior
38:13 Plate Mail Armor
38:21 Hand Cart
40:52 Chemistry
40:55 Blast Furnace
39:47 Fletching
39:58 Padded Archer Armor
41:48 Conscription
41:54 Elite Skirmisher
43:27 Atlatl
八十万禁军教头
6:36 Loom
12:30 Feudal Age
15:16 Forging
15:16 Double-Bit Axe
22:04 Wheelbarrow
23:49 Castle Age
25:44 Iron Casting
25:16 Scale Barding Armor
31:42 Fletching
31:52 Padded Archer Armor
31:43 Fletching
35:19 Chain Barding Armor
34:54 Bodkin Arrow
35:14 Leather Archer Armor
34:55 Bodkin Arrow
36:19 Steppe Husbandry
38:27 Leather Archer Armor
39:09 Horse Collar
40:00 Capped Ram
42:05 Wheelbarrow
42:09 Bow Saw
VerGoTTA
15:25 Feudal Age
20:10 Castle Age
18:26 Double-Bit Axe
21:26 Bow Saw
25:37 Horse Collar
28:50 Wheelbarrow
30:28 Hand Cart
32:17 Forging
32:09 Scale Mail Armor
33:10 Gold Mining
34:29 Town Watch
35:57 Gold Shaft Mining
38:27 Imperial Age
36:41 Bloodlines
36:32 Husbandry
37:18 Fletching
37:34 Scale Barding Armor
39:11 Chain Barding Armor
39:28 Iron Casting
39:28 Conscription
LordRunion
13:08 Loom
14:53 Feudal Age
15:58 Double-Bit Axe
16:08 Man-at-Arms
18:47 Horse Collar
41:04 Castle Age
39:07 Fletching
40:44 Wheelbarrow
40:05 Gold Mining
40:09 Stone Mining
LeOdez
6:59 Loom
15:30 Feudal Age
20:08 Double-Bit Axe
20:42 Scale Barding Armor
20:51 Bloodlines
25:34 Castle Age
26:26 Husbandry
25:47 Light Cavalry
26:50 Chain Barding Armor
28:50 Gold Mining
29:40 Horse Collar
31:59 Bow Saw
35:08 Thumb Ring
36:05 Wheelbarrow
37:14 Gold Shaft Mining
36:29 Stone Mining
37:06 Heavy Plow
38:04 Ballistics
38:00 Fletching
38:10 Padded Archer Armor
39:46 Stone Mining
PaaaaatroN
9:07 Loom
19:27 Feudal Age
19:55 Double-Bit Axe
26:13 Castle Age
24:52 Wheelbarrow
30:02 Scale Barding Armor
30:08 Forging
34:56 Town Watch
35:27 Hand Cart
Connection lost

Rejoining the realm…

Still unreachable

The connection could not be restored.

Session expired

The server has moved on; the page needs a fresh start.